 Dungeon Crawl Stone Soup version 0.32-a0-876-gcfddb08 (webtiles) character file.

Game seed: 7447147678412549177

837 Dorkslayer the Chopper (level 7, -9/49 HPs)
             Began as an Octopode Fighter on Apr 1, 2024.
             Was an Initiate of Okawaru.
             Engulfed by a steam dragon's steam (13 damage)
             ... on level 5 of the Dungeon.
             The game lasted 00:09:40 (4110 turns).

Dorkslayer the Chopper (Octopode Fighter)           Turns: 4110, Time: 00:09:41

Health: -9/49      AC:  1    Str: 18    XL:     7   Next: 99%
Magic:  7/7        EV: 12    Int: 10    God:    Okawaru [......]
Gold:   391        SH:  4    Dex: 11    Spells: 6/6 levels left

rFire   . . .        a - +1 war axe
rCold   . . .        b - +0 buckler
rNeg    . . .        (helmet restricted)
rPois   .            (no amulet)
rElec   .            (no ring)
rCorr   .            (no ring)
SInv    .            (no ring)
Will    .....        (no ring)
Stlth   ++++         (no ring)
HPRegen 0.28/turn    (no ring)
MPRegen 0.10/turn    (no ring)
                     (no ring)

%: no passive effects
@: studying Long Blades
A: almost no armour, amphibious, 8 rings, camouflage 1, gelatinous body 1,
nimble swimmer 1, tentacles
a: Renounce Religion


You were on level 5 of the Dungeon.
You worshipped Okawaru.
Okawaru was noncommittal.
You visited 2 branches of the dungeon, and saw 6 of its levels.

You collected 391 gold pieces.

Inventory:

Hand Weapons
 a - a +1 war axe (weapon)
Armour
 b - a +0 buckler (worn)
Talismans
 n - a blade talisman
Scrolls
 d - a scroll of butterflies {unknown}
 e - 2 scrolls of revelation
 g - 3 scrolls of teleportation {unknown}
 h - a scroll of torment {unknown}
 i - a scroll of fear {unknown}
 j - a scroll of poison {unknown}
 m - a scroll of enchant weapon
 p - a scroll of blinking {unknown}
 u - a scroll of identify
 v - a scroll of enchant armour {unknown}
Potions
 c - a potion of magic
 f - a potion of lignification {unknown}
 k - a potion of enlightenment
 l - 3 potions of attraction
 o - a potion of cancellation
 q - 2 potions of ambrosia
 r - a potion of mutation {unknown}
 s - 3 potions of heal wounds {unknown}
 t - a potion of brilliance {unknown}


   Skills:
 + Level 4.3 Fighting
 + Level 5.6 Axes
 + Level 4.2 Dodging
 + Level 4.1 Stealth
 + Level 3.5 Shields
 * Level 3.0 Shapeshifting


You had 6 spell levels left.
You didn't know any spells.
Your spell library contained the following spells:

 Spells                   Type           Power      Damage    Failure   Level
 Freeze                   Ice            0%         1d3       43%         1
 Magic Dart               Conj           0%         1d3       43%         1
 Searing Ray              Conj           0%         2d4       58%         2
 Dazzling Flash           Conj/Hex       0%         N/A       82%         3
 Frozen Ramparts          Ice            0%         1d1       82%         3
 Hailstorm                Conj/Ice       0%         3d5       82%         3
 Fulminant Prism          Conj/Alch      0%         3d5       99%         4
 Conjure Ball Lightning   Conj/Air       0%         3x3d6     100%        6
 Starburst                Conj/Fire      0%         6d3       100%        6
 Discord                  Hex            0%         N/A       100%        8
 Disjunction              Tloc           0%         N/A       100%        8
 Maxwell's Capacitive Co  Air            0%         ∞         100%        8


Dungeon Overview and Level Annotations

Branches:
Dungeon (5/15)             Temple (1/1) D:5

Altars:
Ashenzari
Cheibriados
Dithmenos
Elyvilon
Fedhas
Gozag
Hepliaklqana
Kikubaaqudgha
Makhleb
Nemelex Xobeh
Okawaru
Qazlal
Ru
Trog
Uskayaw
Vehumet
Xom
The Shining One

Shops:
D:1 (   D:2 [


Innate Abilities, Weirdness & Mutations

You cannot wear most types of armour.
You are amphibious.
You can wear up to eight rings at the same time.
Your skin changes colour to match your surroundings (Stealth+).
Your rubbery body absorbs attacks. (AC +1, EV +1)
You are camouflaged when in or above water. (Stealth+)
You have tentacles for arms and can constrict up to eight enemies at once.


Message History

Found a stone staircase leading up.
You see here a +0 scale mail.
There is a stone staircase leading down here.
Found a stone staircase leading down.
There is a stone staircase leading down here.
You see here a staff of fire.
Found a flail.
A steam dragon comes into view.
Found an iron altar of Okawaru.
Found a sacrificial altar of Ru.
There is an iron altar of Okawaru here.
You curl up in front of the altar of Okawaru.
Okawaru welcomes you!
Unknown command.
Press < or > to pray at altars.
You see here a staff of fire.
You enter the shallow water.
You enter the shallow water.
You enter the shallow water.
Okay, then.
Okay, then.
A steam dragon comes into view.
The steam dragon hisses angrily.
The steam dragon breathes steam at you. The ball of steam hits you!!
You enter the shallow water.
You are engulfed in a cloud of scalding steam.
The fungus is engulfed in a cloud of scalding steam.
The fungus begins to die.
The fungus is engulfed in a cloud of scalding steam.
The fungus begins to die.
The steam dragon breathes steam at you. The ball of steam hits you!
* * * LOW HITPOINT WARNING * * *
Okay, then.
As you read the scroll labelled ZARPHA ICVA, it crumbles to dust.
It is a scroll of enchant weapon.
Your +0 war axe glows red for a moment.
You are engulfed in a cloud of scalding steam.
You die...

##....# .#.####.#### #..###.
#.#### ........# ###..... ##.#
...###### #....##. #..# .##
#..##.##. #.## #.###.... #.# ##
#.. #...#. #.# ###~P## ... #.####
#.# #^..~~.######## ####.P #.#
#...§§.@§.P~P#######~~~. ######
......§§.§......~.~P~..P ####.##
~..§§§§§P§§.P..~........ .#.#._#
..DD§§P#########...P^P.~ .....##
#P~P.P#...#############. ......#
##.PP##..............### .#.#..#
#####.....#######...### .######
#.......# #...#).
#############.......#######...#..


You could see 2 steam dragons.

Vanquished Creatures
  An ogre (D:4)
  A phantom (D:4)
  5 scorpions
  2 bombardier beetles (D:4)
  3 hounds (D:4)
  An orc priest (D:5)
  An iguana (D:4)
  A sleepcap (D:5)
  2 orc wizards
  4 adders
  A white imp (D:5)
  2 dart slugs
  2 ribbon worms
  5 orcs
  10 endoplasms
  2 giant cockroaches
  3 goblins
  2 hobgoblins
  A quokka (D:2)
  2 ball pythons
  3 bats
  2 frilled lizards (D:2)
  7 kobolds
  A rat (D:1)
64 creatures vanquished.

Notes
Turn   | Place    | Note
-------+----------+-------------------------------------------
     0 | D:1      | Dorkslayer the Octopode Fighter began the quest for the
                  | Orb.
     0 | D:1      | Reached XP level 1. HP: 16/16 MP: 1/1
   142 | D:1      | Found Komnese's Weapon Boutique.
   293 | D:1      | Reached XP level 2. HP: 18/21 MP: 2/2
   794 | D:2      | Found Ira Tulu's Armour Boutique.
  1615 | D:3      | Reached XP level 3. HP: 26/26 MP: 3/3
  1781 | D:3      | Reached skill level 1 in Stealth
  1781 | D:3      | Reached XP level 4. HP: 6/31 MP: 4/4
  1929 | D:3      | Found a faded altar of an unknown god.
  1957 | D:3      | Found a broken altar of Ashenzari.
  2308 | D:4      | Noticed a scorpion
  2315 | D:4      | Reached skill level 3 in Axes
  2315 | D:4      | Reached skill level 1 in Shapeshifting
  2318 | D:4      | Reached XP level 5. HP: 14/36 MP: 5/5
  2320 | D:4      | Reached XP level 6. HP: 9/43 MP: 6/6
  2555 | D:4      | Reached skill level 4 in Axes
  2774 | D:4      | Found a shadowy altar of Dithmenos.
  2821 | D:4      | Reached XP level 7. HP: 36/48 MP: 7/7
  3323 | D:5      | Entered Level 5 of the Dungeon
  3328 | D:5      | Found a staircase to the Ecumenical Temple.
  3340 | Temple   | Entered the Ecumenical Temple
  3448 | D:5      | Reached skill level 5 in Axes
  3826 | D:5      | Noticed a +0 hand axe
  3826 | D:5      | Noticed a +0 dagger
  3831 | D:5      | Found a hide-covered altar of Uskayaw.
  3976 | D:5      | Noticed a steam dragon
  4005 | D:5      | Found an iron altar of Okawaru.
  4011 | D:5      | Found a sacrificial altar of Ru.
  4014 | D:5      | Became a worshipper of Warmaster Okawaru
  4108 | D:5      | Noticed a steam dragon
  4110 | D:5      | Engulfed by a steam dragon's steam

Illustrated notes

Levels and vault maps discovered:
D:1:      amcnicky_arrival_gap_in_the_tavern_cellar, layout_basic, serial_shops,
          shop_coins, serial_glass, glass_columns_c, glass_columns_b,
          glass_columns_a, glass_columns_a, glass_columns_a, glass_columns_a,
          hangedman_feature_mirror
D:2:      layout_basic, serial_shops, shop
D:3:      layout_basic, cheibrodos_ashenzari_chains,
          hellmonk_ecumenical_altar_leap_of_faith
D:4:      layout_gridville, mainiacjoe_overflow_cross_hatched,
          minmay_manual_moon
D:5:      kennysheep_steamy, layout_rooms, minitemple, dancing_weapons_uskayaw,
          minmay_temple_entry_steel_oval
Temple:   nicolae_temple_ecumenical_triangle

Skill      XL: |  1  2  3  4  5  6  7 |
---------------+----------------------+-----
Stealth        | 1 2 3 4 |  4.1
Axes           | 3 4 5 |  5.6
Shapeshifting  | 1 2 3 |  3.0
Fighting       | 4 |  4.3
Dodging        | 4 |  4.2
Shields        | |  3.5

Action                     |  1- 3 |  4- 6 |  7- 9 || total
---------------------------+-------+-------+-------++-------
  Melee: War axe           |    52 |    37 |    37 ||   126
         Constrict         |    10 |    12 |    13 ||    35
         Tentacles         |     9 |    11 |     6 ||    26
    Use: Scroll            |     5 |     3 |     1 ||     9
         Potion            |       |     2 |       ||     2
   Stab: Sleeping          |     6 |     2 |     4 ||    12
 Armour: Skin              |    23 |    19 |    34 ||    76
  Dodge: Dodged            |    37 |    23 |    15 ||    75
  Block: Buckler           |    10 |     8 |     4 ||    22

Table legend: (Time is in decaauts)
 A = Elapsed time spent in this place.
 B = Non-inter-level travel time spent in this place.
 C = Inter-level travel time spent in this place.
 D = Time resting spent in this place.
 E = Time spent auto-exploring this place.
 F = Levels seen in this place.
 G = Mean time per level.
                   A        B        C        D        E       F      G
               +--------+--------+--------+--------+--------+-----+--------+
         Total |   4134 |   4134 |      0 |      0 |   2598 |   6 |  689.0 |
       Dungeon |   4102 |   4102 |      0 |      0 |   2598 |   5 |  820.4 |
        Temple |     32 |     32 |      0 |      0 |      0 |   1 |   32.0 |
               +--------+--------+--------+--------+--------+-----+--------+

Top non-repeatable levels by time:
     D:4: 1033 daAuts
     D:2: 840 daAuts
     D:5: 760 daAuts
     D:3: 737 daAuts
     D:1: 731 daAuts
  Temple: 32 daAuts
